Map: Templo Congelado

Players

Ghost

  • Race: Terran Terran
  • League: Grandmaster

I.A. 1 (Muito Difícil)

  • Race: Terran Terran

VOD

Have the link to the VOD?

Description

Time

  • Played on: May 2, 2016, 2:38 p.m.
  • Length: 3:29
Show
View Real Time Build Order
Export as new Build Order

Ghost Terran 

Build Orders: MMM Bio, Banshee Rush 

Get SALT Encoding   

  1  0:00  Neosteel Frame, Personal Cloaking, Zerg Missile Weapons Level 1, Zerg Flyer Weapons Level 3, Corvid Reactor, Warp Gate, Zerg Flyer Armor Level 1, Protoss Air Weapons Level 1, Terran Ship Weapons Level 2, Terran Vehicle Weapons Level 1, Durable Materials, Hi-Sec Auto Tracking, Zerg Ground Armor Level 2, Protoss Ground Armor Level 3, Behemoth Reactor, Infernal Pre-Igniter, Terran Ship Weapons Level 1, Ventral Sacs, Zerg Missile Weapons Level 2, Zerg Ground Armor Level 3, Protoss Ground Weapons Level 1, Terran Vehicle Weapons Level 3, Metabolic Boost, Psionic Storm, Terran Infantry Armor Level 1, Blink, Protoss Air Weapons Level 2, Terran Infantry Armor Level 2, Moebius Reactor, Burrow, Protoss Ground Weapons Level 2, Protoss Shields Level 1, Combat Shields, Protoss Shields Level 2, Protoss Ground Armor Level 1, Terran Ship Armor Level 1, Zerg Ground Armor Level 1, Chitinous Plating, Protoss Ground Armor Level 2, Graviton Catapult, Terran Infantry Weapons Level 2, Terran Vehicle Armor Level 1, Terran Ship Armor Level 2, Zerg Melee Weapons Level 3, Extended Thermal Lance, Zerg Flyer Weapons Level 2, Terran Infantry Weapons Level 1, Tunneling Claws, Protoss Air Weapons Level 3, Building Armor, Gravitic Drive, Pathogen Glands, Terran Vehicle Armor Level 3, Zerg Melee Weapons Level 1, Zerg Flyer Armor Level 3, Resonating Glaives, Charge, Observer Gravitic Boosters, Neural Parasite, Centrifical Hooks, Protoss Air Armor Level 1, Terran Infantry Armor Level 3, Cloaking Field, Terran Ship Weapons Level 3, Caduceus Reactor, Zerg Flyer Armor Level 2, Zerg Flyer Weapons Level 1, Protoss Air Armor Level 3, Protoss Shields Level 3, Terran Vehicle Weapons Level 2, Zerg Missile Weapons Level 3, Protoss Air Armor Level 2, Enduring Locusts, Terran Infantry Weapons Level 3, Muscular Augments x2, Terran Ship Armor Level 3, Terran Vehicle Armor Level 2, Protoss Ground Weapons Level 3, Stimpack, Glial Reconstitution, Zerg Melee Weapons Level 2, Adrenal Glands  
    0:12  Pneumatized Carapace, Weapon Refit, Concussive Shells  
    0:33  Overlord  
    0:39  Drone x12  
    0:51  Unknown  
    0:55  Unknown x5  
    1:00  SCV x12  
    1:12  Unknown  
  12  2:41  SCV  
  13  2:53  SCV  
  13  2:57  Supply Depot  
  14  3:05  SCV  
Show
View Real Time Build Order
Export as new Build Order

I.A. 1 (Muito Difícil) Terran 

Build Orders: MMM Bio, Banshee Rush 

Get SALT Encoding   

  1  0:00  Neosteel Frame, Personal Cloaking, Zerg Missile Weapons Level 1, Zerg Flyer Weapons Level 3, Corvid Reactor, Warp Gate, Zerg Flyer Armor Level 1, Protoss Air Weapons Level 1, Terran Ship Weapons Level 2, Terran Vehicle Weapons Level 1, Durable Materials, Hi-Sec Auto Tracking, Zerg Ground Armor Level 2, Protoss Ground Armor Level 3, Behemoth Reactor, Infernal Pre-Igniter, Terran Ship Weapons Level 1, Ventral Sacs, Zerg Missile Weapons Level 2, Zerg Ground Armor Level 3, Protoss Ground Weapons Level 1, Terran Vehicle Weapons Level 3, Metabolic Boost, Psionic Storm, Terran Infantry Armor Level 1, Blink, Protoss Air Weapons Level 2, Terran Infantry Armor Level 2, Moebius Reactor, Burrow, Protoss Ground Weapons Level 2, Protoss Shields Level 1, Combat Shields, Protoss Shields Level 2, Protoss Ground Armor Level 1, Terran Ship Armor Level 1, Zerg Ground Armor Level 1, Chitinous Plating, Protoss Ground Armor Level 2, Graviton Catapult, Terran Infantry Weapons Level 2, Terran Vehicle Armor Level 1, Terran Ship Armor Level 2, Zerg Melee Weapons Level 3, Extended Thermal Lance, Zerg Flyer Weapons Level 2, Terran Infantry Weapons Level 1, Tunneling Claws, Protoss Air Weapons Level 3, Building Armor, Gravitic Drive, Pathogen Glands, Terran Vehicle Armor Level 3, Zerg Melee Weapons Level 1, Zerg Flyer Armor Level 3, Resonating Glaives, Charge, Observer Gravitic Boosters, Neural Parasite, Centrifical Hooks, Protoss Air Armor Level 1, Terran Infantry Armor Level 3, Cloaking Field, Terran Ship Weapons Level 3, Caduceus Reactor, Zerg Flyer Armor Level 2, Zerg Flyer Weapons Level 1, Protoss Air Armor Level 3, Protoss Shields Level 3, Terran Vehicle Weapons Level 2, Zerg Missile Weapons Level 3, Protoss Air Armor Level 2, Enduring Locusts, Terran Infantry Weapons Level 3, Muscular Augments x2, Terran Ship Armor Level 3, Terran Vehicle Armor Level 2, Protoss Ground Weapons Level 3, Stimpack, Glial Reconstitution, Zerg Melee Weapons Level 2, Adrenal Glands  
    0:12  Pneumatized Carapace, Weapon Refit, Concussive Shells  
    0:39  SCV x12  
    0:51  Unknown  
    0:55  Unknown x5  
    1:00  SCV x12  
    1:12  Unknown  
  13  1:37  SCV  
  13  2:00  Supply Depot  
  13  2:15  SCV  
  13  2:17  Refinery  
  15  2:31  SCV  
  15  2:34  Barracks  
  15  2:43  SCV  
  16  2:55  SCV  
  17  3:07  SCV  
Tags
 
Add a new tag
Caveats
  • Supply blocks, unpowered buildings, or Contaminate may cause inaccurate times.
  • Supply counts are checked every 10 seconds.